 Dungeon Crawl Stone Soup version 0.27.1-3-gb3d3a73c9e (webtiles) character file.

Game seed: 12572433734065590262

122 Descartes the Conjurer (level 4, -1/24 HPs)
             Began as a Deep Elf Wanderer on Oct 15, 2021.
             Succumbed to an orc's poison
             ... on level 2 of the Dungeon.
             The game lasted 00:10:37 (5006 turns).

Descartes the Conjurer (Deep Elf Wanderer)          Turns: 5006, Time: 00:10:37

Health: -1/24      AC:  7    Str:  9    XL:     4   Next: 78%
Magic:  8/8        EV: 12    Int: 18    God:
Gold:   102        SH:  0    Dex: 14    Spells: 1/6 levels left

rFire    + . .     SeeInvis .   a - +0 dagger (venom)
rCold    . . .     Faith    .   (no shield)
rNeg     . . .     Spirit   .   b - +0 robe
rPois    .         Reflect  .   (no helmet)
rElec    .         Harm     .   c - scarf {+Inv}
rCorr    .         Rampage  .   (no gloves)
Will     .....                  e - +0 pair of boots
Stlth    ++........             (no amulet)
HPRegen  0.08/turn              h - ring of protection from fire
MPRegen  0.11/turn              r - +4 ring of protection

@: lethally poisoned (-1 -> -8)
A: no striking features
a: Evoke Invisibility


You were on level 2 of the Dungeon.
You visited 1 branch of the dungeon, and saw 3 of its levels.
You also visited: Sewer.

You collected 102 gold pieces.

Inventory:

Hand Weapons
 a - a +0 dagger of venom (weapon)
 u - a +2 whip of pain
Missiles
 f - 29 stones (quivered)
 l - 20 arrows
 m - 23 poisoned darts
Armour
 b - a +0 robe (worn)
 c - a scarf of invisibility (worn)
 e - a +0 pair of boots (worn)
Jewellery
 h - a ring of protection from fire (left hand)
 r - a +4 ring of protection (right hand)
 w - a ring of see invisible
Scrolls
 j - a scroll of fear
 k - a scroll of immolation
 t - a scroll of teleportation
 v - a scroll of fog {unknown}
Potions
 d - a potion of invisibility {unknown}
 g - a potion of brilliance {unknown}
 i - 5 potions of mutation {unknown}
 n - 3 potions of haste
 o - a potion of heal wounds {unknown}
 p - a potion of attraction {unknown}
 q - a potion of flight {unknown}
 s - a potion of resistance {unknown}


   Skills:
 + Level 1.5 Short Blades
 - Level 1.0 Throwing
 + Level 1.7 Dodging
 + Level 2.6 Stealth
 - Level 1.5 Spellcasting
 + Level 3.2 Conjurations
 - Level 2.1 Summonings
 - Level 1.1 Translocations
 + Level 2.3 Transmutations
 + Level 0.0 Fire Magic
 + Level 2.7 Poison Magic


You had one spell level left.
You knew the following spells:

 Your Spells              Type           Power      Damage    Failure   Level
a - Sting                 Tmut/Pois      40%        1d5       7%          1
b - Magic Dart            Conj           52%        1d5       4%          1
c - Ignite Poison         Fire/Tmut/Pois 7%         N/A       28%         3

Your spell library contained the following spells:

 Spells                   Type           Power      Damage    Failure   Level
 Summon Small Mammal      Summ           36%        N/A       8%          1
 Call Imp                 Summ           9%         N/A       12%         2
 Call Canine Familiar     Summ           9%         N/A       24%         3
 Mephitic Cloud           Conj/Pois/Air  8%         N/A       26%         3
 Corpse Rot               Necr/Air       N/A        N/A       28%         2
 Sublimation of Blood     Necr           0%         N/A       28%         2
 Summon Guardian Golem    Hex/Summ       5%         N/A       36%         3
 Summon Lightning Spire   Summ/Air       5%         N/A       77%         4


Dungeon Overview and Level Annotations

Branches:
Dungeon (3/15)              Sewer (visited)

Altars:

Shops:
D:1 (


Message History

The hobgoblin is almost dead.
The hobgoblin shouts!
The hobgoblin barely misses you.
Casting: Sting (safe; 7% risk of failure)
Confirm with . or Enter, or press ? or * to list all spells.
Aiming: Sting (safe; 7% risk of failure)
Press: ? - help, Shift-Dir - straight line, f/p - hobgoblin
Aim: a hobgoblin (almost dead, poisoned, 71% to hit)
The sting hits the hobgoblin.
The hobgoblin looks even sicker.
You kill the hobgoblin!
Unknown command.
i - 5 viscous grey potions (gained 2)
Found 7 gold pieces.
Welcome back, Descartes the Deep Elf Wanderer.
Press ? for a list of commands and other information.
You now have 102 gold pieces (gained 7).
Found a tourmaline ring.
w - a ring of see invisible An orc wizard comes into view.
It is wielding a +0 dagger.
An orc comes into view.
It is wielding a +0 hand axe and quivering poisoned darts.
The orc wizard shouts!
The orc throws a poisoned dart.
The poisoned dart hits you!
You are poisoned.
The orc wizard gestures at you while chanting.
The magic dart hits you.
You feel sick.
You feel sick.
The orc throws a poisoned dart.
The poisoned dart hits you!
You are lethally poisoned!
The orc wizard points at you and mumbles some strange words.
The magic dart hits you.
You feel very sick.
* * * LOW HITPOINT WARNING * * *
You feel very sick.
* * * LOW HITPOINT WARNING * * *
You feel very sick.
There is a stone staircase leading up here.
* * * LOW HITPOINT WARNING * * *
You feel sick.
You climb upwards.
You die...

#[...## ############.....#
#................#
#................#
#####..........##....#
#####.............###....#
#...).#####.####..###...######
#...#######.###..###....#....#
##...##....>....@## #...##....#
.....##.#.....#######...#.....#
..............####.#...##.....#
..................##...#......#
..................#....#......#
.................##......######
..............####.....###
.......)......# #.....#
..#.#.........####_....##


There were no monsters in sight!

Vanquished Creatures
  5 adders
  A dart slug (D:2)
  3 orcs (D:3)
  An endoplasm (D:1)
  3 giant cockroaches
  8 goblins
  2 hobgoblins
  12 jackals
  10 kobolds
  2 quokkas
  9 ball pythons
  4 bats
  2 frilled lizards
  7 rats
69 creatures vanquished.

Vanquished Creatures (others)
  A giant cockroach (D:2)
  18 plants (Sewer)
19 creatures vanquished.

Grand Total: 88 creatures vanquished

Notes
Turn   | Place    | Note
-------+----------+-------------------------------------------
     0 | D:1      | Descartes the Deep Elf Wanderer began the quest for the
                  | Orb.
     0 | D:1      | Descartes set off with the following items: a +0 dagger, a
                  | +0 robe; and the following spells available to memorise:
                  | Summon Small Mammal, Call Imp, Sting, Call Canine Familiar,
                  | Corpse Rot, Sublimation of Blood, Summon Guardian Golem,
                  | Ignite Poison, Summon Lightning Spire
     0 | D:1      | Reached XP level 1. HP: 10/10 MP: 5/5
     2 | D:1      | Learned a level 1 spell: Sting
  1072 | D:1      | Reached skill level 1 in Transmutations
  1206 | D:1      | Found Ciraul's Weapon Boutique.
  1242 | D:1      | Reached XP level 2. HP: 15/15 MP: 4/6
  2282 | D:2      | Reached XP level 3. HP: 12/19 MP: 1/7
  2655 | D:1      | Reached skill level 1 in Dodging
  2784 | D:2      | Found a faded altar of an unknown god.
  3235 | D:3      | Found a glowing drain.
  3268 | Sewer    | Entered a sewer
  3328 | Sewer    | Reached skill level 1 in Short Blades
  3527 | Sewer    | Reached XP level 4. HP: 24/24 MP: 2/8
  4718 | D:3      | Learned a level 1 spell: Magic Dart
  4755 | D:3      | Learned a level 3 spell: Ignite Poison
  5005 | D:3      | HP: 1/24 [poisoned by an orc]
  5006 | D:2      | Succumbed to an orc's poison

Illustrated notes

Levels and vault maps discovered:
D:1:      kennysheep_arrival_seaside, layout_loops_cross, serial_shops,
          nicolae_diamond_shop
D:2:      layout_rooms, hellmonk_ecumenical_altar_zigzags
D:3:      layout_loops_cross, portal_sewer_entry_b, grunt_decor_clamped

Skill      XL: |  1  2  3 |
---------------+----------+-----
Transmutations | 1 2 |  2.3
Poison Magic   | 2 |  2.7
Dodging        | 1 |  1.7
Stealth        | 2 |  2.6
Short Blades   | 1 |  1.5
Throwing       | |  1.0
Spellcasting   | |  1.5
Conjurations   | |  3.2
Summonings     | |  2.1
Translocations | |  1.1

Action                   |  1- 3 |  4- 6 || total
-------------------------+-------+-------++-------
Melee: Dagger            |    38 |    16 ||    54
 Cast: Sting             |    96 |    46 ||   142
 Abil: Evoke Invisibilit |     1 |       ||     1
  Use: Scroll            |     5 |       ||     5
 Stab: Invisible         |     2 |       ||     2
       Sleeping          |     2 |       ||     2
Armor: Robe              |    53 |    13 ||    66
Dodge: Dodged            |    78 |    24 ||   102
